 Dungeon Crawl Stone Soup version 0.30-a0-782-ge64f9170bb (webtiles) character file.

Game seed: 7114305379417552593

20 Descartes the Magician (level 3, -10/26 HPs)
             Began as a Formicid Wanderer on Feb 20, 2023.
             Mangled by Terence
             ... wielding a +0 mace
              (12 damage)
             ... on level 2 of the Dungeon on Feb 28, 2023.
             The game lasted 00:03:41 (965 turns).

Descartes the Magician (Formicid Wanderer)           Turns: 965, Time: 00:03:42

Health: -10/26     AC:  7    Str: 21    XL:     3   Next: 0%
Magic:  9/9        EV:  9    Int: 10    God:
Gold:   111        SH:  0    Dex: 11    Spells: 11/11 levels left

rFire   . . .      SeeInvis +    a - +2 spear
rCold   . . .      Faith    .    (no shield)
rNeg    . . .      Spirit   .    b - +0 scale mail
rPois   .          Reflect  .    (helmet unavailable)
rElec   .          Harm     .    (no cloak)
rCorr   +          Rampage  .    d - +0 pair of gloves
Will    .....                    (no boots) Stlth
                                 (no amulet)
HPRegen 0.24/turn                m - ring of resist corrosion
MPRegen 0.11/turn                (no ring)

@: no status effects
A: permanent stasis, dig shafts and tunnels, antennae 3, four strong arms
a: Dig, Shaft Self


You were on level 2 of the Dungeon.
You visited 1 branch of the dungeon, and saw 2 of its levels.

You collected 111 gold pieces.

Inventory:

Hand Weapons
 a - a +2 spear (weapon)
 g - a +1 sling of draining
Armour
 b - a +0 scale mail (worn)
 d - a +0 pair of gloves (worn)
 h - a +1 robe of positive energy
Jewellery
 l - a ring of ice
 m - a ring of resist corrosion (left hand)
Scrolls
 c - a scroll of fog
 f - 2 scrolls of identify {unknown}
 j - a scroll of vulnerability {unknown}
 k - a scroll of fear {unknown}
 o - a scroll of magic mapping {unknown}
Potions
 i - a potion of lignification {unknown}
 n - a potion of curing {unknown}


   Skills:
 + Level 1.4 Fighting
 - Level 2.0 Polearms
 + Level 1.5 Armour
 + Level 4.5 Spellcasting
 + Level 0.6 Conjurations
 + Level 0.5 Air Magic
 + Level 2.4 Invocations


You had 11 spell levels left.
You didn't know any spells.
Your spell library contained the following spells:

 Spells                   Type           Power      Damage    Failure   Level
 Static Discharge         Conj/Air       6%         2-3/arc   63%         2
 Cigotuvi's Dreadful Rot  Necr/Pois/Air  4%         N/A       67%         2


Dungeon Overview and Level Annotations

Branches:
Dungeon (2/15)

Altars:

Shops:
D:2 (

Annotations:
D:2 Terence


Innate Abilities, Weirdness & Mutations

You cannot be hasted, slowed, berserked, paralysed or teleported.
You can dig through walls and to a lower floor.
You have a pair of large antennae on your head. (SInv)
Your four strong arms can wield two-handed weapons with a shield.


Message History

You hit Terence.
Terence is moderately wounded.
Terence asks, "Do you want it fast or slow?"
Terence barely misses you.
You hit Terence.
Terence is heavily wounded.
Terence drinks a potion.
Terence goes berserk!
You hit Terence.
Terence is severely wounded.
Terence hits you with a +0 mace!
The endoplasm hits you but does no damage.
Terence hits you with a +0 mace.
You are too injured to fight recklessly!
You are too injured to fight recklessly!
You are too injured to fight recklessly!
You are too injured to fight recklessly!
You are too injured to fight recklessly!
You are too injured to fight recklessly!
You are too injured to fight recklessly!
You are too injured to fight recklessly!
You are too injured to fight recklessly!
You are too injured to fight recklessly!
You are too injured to fight recklessly!
You are too injured to fight recklessly!
You are too injured to fight recklessly!
You are too injured to fight recklessly!
You are too injured to fight recklessly!
Unknown command.
You hit Terence but do no damage.
Terence is severely wounded.
Terence hits you with a +0 mace.
* * * LOW HITPOINT WARNING * * *
The endoplasm freezes you.
You are frozen.
* * * LOW HITPOINT WARNING * * *
Unknown command.
It was a potion of haste.
Your stasis prevents you from being hasted.
Terence hits you with a +0 mace!
You die...

## (# . . .#
#. .###.#
.###....#
.......
#....#
#.###.J@.##
..[....@..#
#.####....#
#.....#......
#.....#####.#
###........)
#8.........
##..........#
#.......)..#
##..........#


You could see Terence (berserk) and an endoplasm.

Vanquished Creatures
  A ball python (D:2)
  3 endoplasms
  A goblin (D:1)
  A hobgoblin (D:1)
  2 jackals (D:1)
  2 quokkas
  2 bats (D:2)
  A frilled lizard (D:2)
  2 kobolds (D:1)
  3 rats (D:1)
18 creatures vanquished.

Notes
Turn   | Place    | Note
-------+----------+-------------------------------------------
     0 | D:1      | Descartes the Formicid Wanderer began the quest for the
                  | Orb.
     0 | D:1      | Descartes set off with the following items: a +2 spear, a
                  | +0 scale mail, a scroll of fog; and the following spells
                  | available to memorise: Cigotuvi's Dreadful Rot, Static
                  | Discharge.
     0 | D:1      | Reached XP level 1. HP: 15/15 MP: 5/5
   141 | D:1      | Reached XP level 2. HP: 21/21 MP: 7/7
   672 | D:2      | Found Runelot's Antique Weapon Emporium.
   934 | D:2      | Reached XP level 3. HP: 26/26 MP: 9/9
   956 | D:2      | Noticed Terence
   964 | D:2      | HP: 1/26 [frozen (5)]
   965 | D:2      | Mangled by Terence

Illustrated notes

Levels and vault maps discovered:
D:1:      erik_arrival_blinker_ship, layout_rooms, nicolae_figureground_pulse
D:2:      layout_basic, serial_corexii_hall, corexii_hall_statues_i,
          chequers_hall_statues_wall_a, serial_shops, shop, uniq_terence

Action                     || total
---------------------------++-------
  Melee: Spear             ||    52
    Use: Potion            ||     1
 Armour: Scale mail        ||    15
  Dodge: Dodged            ||    14

Table legend: (Time is in decaauts)
 A = Elapsed time spent in this place.
 B = Non-inter-level travel time spent in this place.
 C = Inter-level travel time spent in this place.
 D = Time resting spent in this place.
 E = Time spent auto-exploring this place.
 F = Levels seen in this place.
 G = Mean time per level.
                   A        B        C        D        E       F      G
               +--------+--------+--------+--------+--------+-----+--------+
         Total |    964 |    925 |     39 |      0 |    773 |   2 |  482.0 |
       Dungeon |    964 |    925 |     39 |      0 |    773 |   2 |  482.0 |
               +--------+--------+--------+--------+--------+-----+--------+

Top non-repeatable levels by time:
     D:1: 635 daAuts
     D:2: 329 daAuts
